 Dungeon Crawl Stone Soup version 0.29.1-2-gbd0b4ee654 (webtiles) character file.

Game seed: 547420426692161428

576 funnyparkerb the Cutter (level 7, -1/55 HPs)
             Began as a Vine Stalker Brigand on Nov 9, 2022.
             Succumbed to a water moccasin's poison
             ... on level 4 of the Dungeon.
             The game lasted 00:04:59 (3140 turns).

funnyparkerb the Cutter (Vine Stalker Brigand)      Turns: 3140, Time: 00:04:59

Health: -1/55      AC:  5    Str: 13    XL:     7   Next: 35%
Magic:  5/8        EV: 13    Int: 11    God:
Gold:   177        SH:  0    Dex: 18    Spells: 6/6 levels left

rFire   . . .      SeeInvis .   a - +2 dagger
rCold   + . .      Faith    .   (no shield)
rNeg    . . .      Spirit   +   p - +2 robe {Will+}
rPois   .          Reflect  .   (no helmet)
rElec   .          Harm     .   c - +0 cloak
rCorr   .          Rampage  .   (no gloves)
Will    +....                   (no boots)
Stlth   ..........              (no amulet)
HPRegen 0.98/turn               g - ring of protection from cold
MPRegen 0.11/turn               (no ring)

@: berserking, lethally poisoned (-1 -> -14), very quick
A: fangs 2, regeneration 1, magic shield, antimagic bite, no potion heal 2,
claws 1, hooves 1, wild magic 1
a: no special abilities


You were on level 4 of the Dungeon.
You visited 1 branch of the dungeon, and saw 4 of its levels.

You collected 177 gold pieces.

Inventory:

Hand Weapons
 a - a +2 dagger (weapon)
Missiles
 d - 12 poisoned darts (quivered)
 e - 2 curare-tipped darts
Armour
 c - a +0 cloak (worn)
 p - a +2 robe of willpower (worn)
 u - a +0 scale mail
Jewellery
 g - a ring of protection from cold (left claw)
Wands
 w - a wand of flame (25)
Scrolls
 b - a scroll of immolation {unknown}
 f - a scroll of fog {unknown}
 h - a scroll of enchant weapon {unknown}
 i - a scroll of fear {unknown}
 j - a scroll of silence {unknown}
 k - 4 scrolls of identify {unknown}
 m - a scroll of poison {unknown}
 n - a scroll of enchant armour {unknown}
 o - a scroll of blinking {unknown}
 r - a scroll of noise {unknown}
 v - 2 scrolls of teleportation {unknown}
Potions
 l - 2 potions of mutation
 q - a potion of berserk rage
 s - 2 potions of curing {unknown}
 t - a potion of might {unknown}
 x - a potion of haste {unknown}


   Skills:
 + Level 3.8 Fighting
 * Level 5.2 Short Blades
 - Level 1.7 Throwing
 + Level 3.1 Dodging
 - Level 4.8 Stealth


You had 6 spell levels left.
You didn't know any spells.
Your spell library contained the following spells:

 Spells                   Type           Power      Damage    Failure   Level
 Portal Projectile        Hex/Tloc       0%         N/A       78%         3
 Tukima's Dance           Hex            0%         N/A       78%         3
 Blade Hands              Tmut           0%         N/A       100%        5


Dungeon Overview and Level Annotations

Branches:
Dungeon (4/15)
 Temple: D:4-7

Altars:
Elyvilon
Sif Muna
Vehumet

Shops:
D:4 !

Annotations:
D:4 1 runed translucent door, exclusions: statue and 4 more exclusions, qeuew's ghost, amateur DsFi


Innate Abilities, Weirdness & Mutations

You have extremely sharp teeth.
Your natural rate of healing is unusually fast.
When hurt, damage is shared between your health and your magic reserves.
Your bite disrupts and absorbs the magic of your enemies.
Potions cannot restore your health.
You have sharp fingernails.
You have large cloven feet.
Your spells are a little harder to cast, but a little more powerful.


Message History

You feel sick. The water moccasin bites you.
You are lethally poisoned!
The water moccasin poisons you!
It was a potion of mutation.
You feel extremely strange.
You feel less in control of your magic.
Your fingernails lengthen.
Your feet thicken and deform.
* * * LOW HITPOINT WARNING * * *
You feel very sick.
The water moccasin bites you but does no damage.
It was a potion of berserk rage.
A red film seems to cover your vision as you go berserk!
You feel yourself moving faster!
You feel mighty!
You feel very sick. The water moccasin barely misses you.
The water moccasin closely misses you.
You are too berserk!
You closely miss the water moccasin. You bite the water moccasin.
You drain its power.
You feel invigorated.
The water moccasin is heavily wounded.
You feel sick.
You closely miss the water moccasin. You bite the water moccasin!
You drain its power.
You feel invigorated.
The water moccasin is severely wounded.
You feel sick. The water moccasin bites you.
* * * LOW HITPOINT WARNING * * *
You are lethally poisoned!
The water moccasin poisons you!
You closely miss the water moccasin. Your bite misses the water moccasin.
The water moccasin is severely wounded.
* * * LOW HITPOINT WARNING * * *
You feel very sick.
The water moccasin bites you but does no damage.
You puncture the water moccasin!
You kill the water moccasin!
* * * LOW HITPOINT WARNING * * *
You feel sick.
Your Short Blades skill increases to level 5!
Your Dodging skill increases to level 3!
There is a lethal amount of poison in your body!
You are too berserk!
You die...

...)#...#......# #.##..#......
##..##(##......######....##.#....
.....#.#...............##...#....
.....#.#....>...###.#..##.###....
####.#.#......#.# #.#.(#..# #....
.# #.#'#.####.#.# #...(..####...(
.# #.)...# #...###.........#....
.# #.##### ###......#...........
.# #.# #######.@.............)..
.########.........#####......####
..#...#...###................#
#.#...'.###...###.#.........##
.#...#.............####.....##
..###############.### #......# .#
#...## #.# #....#.#
.###.#..#########.## ~##......##
###........#.......##[#######..##


There were no monsters in sight!

Vanquished Creatures
  Sigmund (D:2)
  A water moccasin (D:4)
  An ogre (D:4)
  Jessica (D:3)
  7 gnolls
  4 adders
  A white imp (D:3)
  4 dart slugs
  3 worms
  An orc (D:3)
  5 bats
  8 endoplasms
  A giant cockroach (D:1)
  8 goblins
  11 hobgoblins
  4 quokkas
  9 ball pythons
  2 frilled lizards (D:1)
  12 kobolds
  6 rats
90 creatures vanquished.

Notes
Turn   | Place    | Note
-------+----------+-------------------------------------------
     0 | D:1      | funnyparkerb the Vine Stalker Brigand began the quest for
                  | the Orb.
     0 | D:1      | Reached XP level 1. HP: 11/11 MP: 2/2
    36 | D:1      | Reached skill level 2 in Short Blades
    79 | D:1      | Reached skill level 1 in Dodging
    86 | D:1      | Reached XP level 2. HP: 15/15 MP: 3/3
   430 | D:1      | Found a faded altar of an unknown god.
   541 | D:1      | Reached XP level 3. HP: 14/18 MP: 4/4
  1216 | D:2      | Noticed Sigmund
  1218 | D:2      | Killed Sigmund
  1219 | D:2      | Reached skill level 3 in Short Blades
  1219 | D:2      | Gained mutation: Your natural rate of healing is unusually
                  | fast. [Vine Stalker growth]
  1219 | D:2      | Reached XP level 4. HP: 24/24 MP: 5/5
  1219 | D:2      | Reached XP level 5. HP: 28/28 MP: 6/6
  1423 | D:3      | Reached skill level 4 in Short Blades
  1480 | D:3      | Reached XP level 6. HP: 32/32 MP: 7/7
  2507 | D:3      | Noticed Jessica
  2514 | D:3      | Killed Jessica
  2645 | D:3      | Reached XP level 7. HP: 33/36 MP: 8/8
  2766 | D:4      | Found a white marble altar of Elyvilon.
  2846 | D:4      | Found a runed translucent door.
  2872 | D:4      | Noticed qeuew's ghost (amateur DsFi)
  2909 | D:4      | Found a radiant altar of Vehumet.
  2969 | D:4      | Found Imahudaisu's Distillery.
  3020 | D:4      | Found a shimmering blue altar of Sif Muna.
  3134 | D:4      | Gained mutation: Your spells are a little harder to cast,
                  | but a little more powerful. [potion of mutation]
  3134 | D:4      | Gained mutation: You have sharp fingernails. [potion of
                  | mutation]
  3134 | D:4      | Gained mutation: You have large cloven feet. [potion of
                  | mutation]
  3139 | D:4      | HP: 2/55 [poisoned by a water moccasin]
  3140 | D:4      | Reached skill level 5 in Short Blades
  3140 | D:4      | Succumbed to a water moccasin's poison

Illustrated notes

Levels and vault maps discovered:
D:1:      onia_arrival_pyramid, layout_rooms,
          hellmonk_ecumenical_altar_inner_sanctum
D:2:      layout_loops_ring, guppyfry_early_lair_pool, uniq_sigmund
D:3:      layout_basic, uniq_jessica
D:4:      layout_rooms, mainiacjoe_overflow_surrounded_room, vehumet_statue,
          mainiacjoe_overflow_24_doors, minmay_temple_entry_enclosed_plants,
          ebering_ghost_sewer_d, serial_shops, shop, eino_tiny_chamber

Skill      XL: |  1  2  3  4  5  6  7 |
---------------+----------------------+-----
Short Blades   | 2 3 4 5 |  5.2
Dodging        | 1 2 3 |  3.1
Fighting       | 2 3 |  3.8
Throwing       | |  1.7
Stealth        | |  4.8

Action                   |  1- 3 |  4- 6 |  7- 9 || total
-------------------------+-------+-------+-------++-------
Melee: Dagger            |    78 |   107 |    54 ||   239
       Bite              |    17 |    36 |    12 ||    65
       Punch             |       |     3 |       ||     3
Throw: Dart              |     2 |    19 |     6 ||    27
Evoke: Wand              |       |       |     1 ||     1
  Use: Potion            |       |       |     2 ||     2
 Stab: Sleeping          |    13 |    12 |       ||    25
Armor: Robe              |    17 |    14 |    10 ||    41
Dodge: Dodged            |    39 |    48 |    25 ||   112
